 Dungeon Crawl Stone Soup version 0.31.0-11-ge490571c62 (webtiles) character file.

Game seed: 4762712583287484338

80 qw the Shooter (level 4, 0/22 HPs)
             Began as a Spriggan Hunter on Feb 4, 2024.
             Slain by an adder (2 damage)
             ... on level 2 of the Dungeon.
             The game lasted 00:00:05 (1149 turns).

qw the Shooter (Spriggan Hunter)                    Turns: 1149, Time: 00:00:06

Health: 0/22       AC:  2    Str:  7    XL:     4   Next: 18%
Magic:  5/5        EV: 19    Int: 10    God:
Gold:   92         SH:  0    Dex: 20    Spells: 3/3 levels left

rFire   . . .        a - +0 shortbow
rCold   . . .        (shield currently unavailable)
rNeg    . . .        c - +0 robe
rPois   .            (helmet restricted)
rElec   .            (no cloak)
rCorr   .            (gloves unavailable)
SInv    +            (boots unavailable)
Will    .....        (no amulet)
Stlth   ++           (no ring)
HPRegen 0.23/turn    (no ring)
MPRegen 0.09/turn

%: no passive effects
@: very quick
A: very small, no large weapons, unfitting armour, see invisible, speed 3
a: no special abilities


You were on level 2 of the Dungeon.
You visited 1 branch of the dungeon, and saw 2 of its levels.

You collected 92 gold pieces.


Innate Abilities, Weirdness & Mutations

You are very small and have problems with some larger weapons.
You are too small for most types of armour.
You have supernaturally acute eyesight. (SInv)
You cover ground extremely quickly. (Speed+++)


   Skills:
 - Level 1.5 Fighting
 - Level 5.0 Ranged Weapons
 + Level 4.5 Dodging
 - Level 1.5 Stealth


You had 3 spell levels left.
You didn't know any spells.
Your spell library was empty.

Inventory:

Hand Weapons
 a - a +0 shortbow (weapon)
Armour
 c - a +0 robe (worn)
Scrolls
 b - 3 scrolls of identify
Potions
 d - 2 potions of curing {unknown}
 e - a potion of lignification {unknown}
 f - a potion of brilliance {unknown}

Dungeon Overview and Level Annotations

Branches:
Dungeon (2/15)

Altars:


Message History

The bat skeleton misses you. The bat skeleton completely misses you.
The bat skeleton misses you. The bat skeleton completely misses you.
You shoot an arrow. The arrow hits the bat skeleton!
You destroy the bat skeleton!
1125 ||| FLEEEEING.
1126 ||| FLEEEEING.
1127 ||| FLEEEEING.
1128 ||| FLEEEEING.
1129 ||| FLEEEEING.
You start resting.
An adder is nearby!
1131 ||| FLEEEEING.
1132 ||| FLEEEEING.
1133 ||| FLEEEEING.
1134 ||| FLEEEEING.
1135 ||| FLEEEEING.
1136 ||| FLEEEEING.
1137 ||| FLEEEEING.
1138 ||| FLEEEEING.
1139 ||| FLEEEEING.
1140 ||| FLEEEEING.
1141 ||| FLEEEEING.
1142 ||| FLEEEEING.
A hobgoblin comes into view.
You shoot an arrow. The arrow misses the adder.
You shoot an arrow. The arrow hits the adder.
The adder is lightly wounded.
You shoot an arrow. The arrow hits the adder.
The adder is moderately wounded.
The adder bites you.
You shoot an arrow. The arrow misses the adder.
The adder barely misses you.
You shoot an arrow. The arrow hits the adder.
The adder is heavily wounded.
The adder barely misses you. The adder bites you but does no damage.
You shoot an arrow. The arrow barely misses the adder.
The adder bites you.
You shoot an arrow. The arrow barely misses the adder.
The adder bites you.
You die...

## #..........#. ##.#
#..........#. ##..###
##.[........#. #)....##
##..(........#.
##..#..############..............
##..............##...............
................................>
.##....8.........................
.##.#..........S@................
%................................
.#..#.........?.............)....
.....#.#..........#.............#
.....#.#.........###........)..##
.................####..##.##..##
....#.............#.........)..##
#...#.##.......g..#.............#
#...... <..............


You could see an adder and a hobgoblin (asleep).

Vanquished Creatures
  2 adders (D:2)
  2 adder zombies (D:2)
  An adder skeleton (D:2)
  A ribbon worm (D:2)
  4 bats
  3 bat skeletons (D:2)
  2 endoplasms (D:1)
  2 giant cockroaches (D:1)
  4 goblins
  3 hobgoblins
  5 jackals (D:1)
  A quokka (D:1)
  2 ball pythons (D:1)
  A ball python skeleton (D:2)
  A ball python zombie (D:2)
  2 frilled lizards (D:1)
  A giant cockroach zombie (D:2)
  6 kobolds
  A quokka skeleton (D:2)
  5 rats
49 creatures vanquished.

Notes
Turn   | Place    | Note
-------+----------+-------------------------------------------
     0 | D:1      | qw the Spriggan Hunter began the quest for the Orb.
     0 | D:1      | Reached XP level 1. HP: 10/10 MP: 2/2
     0 | D:1      | 0 ||| qw: Version: 0.3-a-160-g6735b56
     0 | D:1      | 0 ||| qw: Game counter: 4904
     0 | D:1      | 0 ||| qw: Melee chars always use a shield: true
     0 | D:1      | 0 ||| qw: God list: Okawaru
     0 | D:1      | 0 ||| qw: Allow faded altars: false
     0 | D:1      | 0 ||| qw: Do Orc after clearing Dungeon:15 true
     0 | D:1      | 0 ||| qw: Do second Lair branch before Depths: true
     0 | D:1      | 0 ||| qw: Lair rune preference: random
     0 | D:1      | 0 ||| qw: Goals: Normal
     0 | D:1      | 0 ||| PLANNING D:1-11
    77 | D:1      | Reached skill level 3 in Dodging
   140 | D:1      | Reached XP level 2. HP: 5/14 MP: 3/3
   751 | D:1      | Reached XP level 3. HP: 18/18 MP: 4/4
   837 | D:1      | 837 ||| READING scroll labelled XOM ITOLEDDO.
   868 | D:1      | 868 ||| READING scroll labelled DAKKEOCOACW.
   869 | D:1      | 869 ||| READING scroll labelled LAYTWA TOEKK.
   869 | D:1      | 869 ||| IDENTIFYING bubbling golden potion
   870 | D:1      | 870 ||| DROPPING scroll of butterflies.
   871 | D:1      | 871 ||| DROPPING potion of invisibility.
   896 | D:2      | 896 ||| STAIRDANCE
  1014 | D:2      | Identified the +1 short sword "Danoti" {venom, rElec rPois
                  | rC+ Str+3}
  1096 | D:2      | Reached skill level 5 in Ranged Weapons
  1098 | D:2      | Reached XP level 4. HP: 21/22 MP: 5/5
  1117 | D:2      | HP: 5/22 [kobold/+0 short sword (1)]
  1122 | D:2      | HP: 3/22 [kobold/+0 whip (2)]
  1125 | D:2      | 1125 ||| FLEEEEING.
  1126 | D:2      | 1126 ||| FLEEEEING.
  1127 | D:2      | 1127 ||| FLEEEEING.
  1128 | D:2      | 1128 ||| FLEEEEING.
  1129 | D:2      | 1129 ||| FLEEEEING.
  1131 | D:2      | 1131 ||| FLEEEEING.
  1132 | D:2      | 1132 ||| FLEEEEING.
  1133 | D:2      | 1133 ||| FLEEEEING.
  1134 | D:2      | 1134 ||| FLEEEEING.
  1135 | D:2      | 1135 ||| FLEEEEING.
  1136 | D:2      | 1136 ||| FLEEEEING.
  1137 | D:2      | 1137 ||| FLEEEEING.
  1138 | D:2      | 1138 ||| FLEEEEING.
  1139 | D:2      | 1139 ||| FLEEEEING.
  1140 | D:2      | 1140 ||| FLEEEEING.
  1141 | D:2      | 1141 ||| FLEEEEING.
  1142 | D:2      | 1142 ||| FLEEEEING.
  1145 | D:2      | HP: 2/22 [adder (4)]
  1149 | D:2      | Slain by an adder

Levels and vault maps discovered:
D:1:      kilobyte_arrival_exit_the_forest, layout_loops_cross
D:2:      layout_rooms, serial_undead, serial_undead_c, serial_undead_a,
          serial_undead_d, serial_undead_f, serial_undead_e, serial_undead_b,
          serial_undead_d, serial_undead_a

Skill      XL: |  1  2  3 |
---------------+----------+-----
Dodging        | 3 4 |  4.5
Ranged Weapons | 5 |  5.0
Fighting       | |  1.5
Stealth        | |  1.5

Action                     |  1- 3 |  4- 6 || total
---------------------------+-------+-------++-------
   Fire: Shortbow          |   117 |    34 ||   151
    Use: Scroll            |     3 |       ||     3
 Armour: Robe              |    18 |    27 ||    45
  Dodge: Dodged            |    80 |    58 ||   138

Table legend:
 A = Non-vault XP
 B = Vault XP
 C = Vault XP percentage of total XP
 D = Non-vault monster count
 E = Vault monster count
 F = Vault count percentage of total count
                 A         B        C        D         E       F
            +---------+---------+-------+---------+---------+-------
      Total |      89 |      26 |  22.6 |      39 |      10 |  20.4
            +---------+---------+-------+---------+---------+-------
        D:1 |      44 |       0 |   0.0 |      26 |       0 |   0.0
        D:2 |      45 |      26 |  36.6 |      13 |      10 |  43.5
            +---------+---------+-------+---------+---------+-------
